 Dungeon Crawl Stone Soup version 0.31-a0-198-g2ad674f65e (webtiles) character file.

Game seed: 12953456490746661674

22 qw the Shooter (level 2, -1/16 HPs)
             Began as a Deep Elf Hunter on June 25, 2023.
             Succumbed to their own poison gas
             ... on level 1 of the Dungeon.
             The game lasted 00:00:16 (789 turns).

qw the Shooter (Deep Elf Hunter)                     Turns: 789, Time: 00:00:16

Health: -1/16      AC:  3    Str:  8    XL:     2   Next: 68%
Magic:  4/4        EV: 12    Int: 13    God:
Gold:   50         SH:  5    Dex: 18    Spells: 1/1 levels left

rFire   . . .        Y - +0 shortbow
rCold   . . .        (shield currently unavailable)
rNeg    . . .        c - +0 leather armour
rPois   .            (no helmet)
rElec   .            (no cloak)
rCorr   .            (no gloves)
SInv    .            (no boots)
Will    .....        g - amulet of reflection
Stlth   ++           (no ring)
HPRegen 0.22/turn    (no ring)
MPRegen 0.09/turn

%: reflection
@: lethally poisoned (-1 -> -18), weak-willed
A: no striking features
a: no special abilities


You were on level 1 of the Dungeon.
You visited 1 branch of the dungeon, and saw 1 of its levels.

You collected 50 gold pieces.


   Skills:
 - Level 1.5 Fighting
 + Level 6.4 Ranged Weapons
 - Level 2.4 Dodging
 - Level 1.2 Stealth


You had one spell level left.
You didn't know any spells.
Your spell library was empty.

Inventory:

Hand Weapons
 Y - a +0 shortbow (weapon)
Armour
 c - a +0 leather armour (worn)
Jewellery
 g - an amulet of reflection (around neck)
Scrolls
 f - a scroll of identify
 h - 2 scrolls of enchant armour
Potions
 e - a potion of haste {unknown}
 j - a potion of degeneration {unknown}
 l - a potion of lignification {unknown}

Dungeon Overview and Level Annotations

Branches:
Dungeon (1/15)

Altars:


Message History

Enter note:
Enter note:
Enter note:
Enter note:
Enter note:
Enter note: Done exploring.
786 ||| DROPPING scroll of vulnerability.
You drop a scroll of vulnerability.
Done exploring.
787 ||| DROPPING scroll of butterflies.
You drop a scroll of butterflies.
Done exploring.
(D) Dungeon
Where to? (* - list waypoints, ? - help)
What level of the Dungeon? (default 1, ? - help) Sorry, I don't know how to get there.
Enter note:
Enter note:
Enter note:
Enter note:
Enter note:
Enter note:
Enter note:
Enter note:
Enter note:
Enter note:
Enter note:
Enter note:
Enter note:
Enter note:
Enter note:
Enter note:
Enter note:
Enter note: Really walk into that cloud of poison gas?
You are engulfed in poison gas.
You are lethally poisoned!
Ouch! That really hurt!
You feel very sick.
789 ||| Stepping ~*~*~tactically~*~*~ (cloud).
You die...

#.#.#.# #.##
#####.#¤#.##### #.##
#####.¤¤..##### #.##
#######¤#...### #.##
#######¤#...#########'#.
#######¤#...............
#######¤###.............
#######¤###.............
#######@¤¤+.............
###########.............
###########.............
###########.............
###########............%
###########.............
###########.............
###########.............
####..........)..


There were no monsters in sight!

Vanquished Creatures
  An endoplasm (D:1)
  2 giant cockroaches (D:1)
  3 goblins (D:1)
  2 hobgoblins (D:1)
  4 ball pythons (D:1)
  2 bats (D:1)
  5 kobolds (D:1)
  A rat (D:1)
20 creatures vanquished.

Notes
Turn   | Place    | Note
-------+----------+-------------------------------------------
     0 | D:1      | qw the Deep Elf Hunter began the quest for the Orb.
     0 | D:1      | Reached XP level 1. HP: 12/12 MP: 3/3
     0 | D:1      | 0 ||| qw: Version: 0.3-a-22-g0ed2b0b
     0 | D:1      | 0 ||| qw: Game counter: 5463
     0 | D:1      | 0 ||| qw: Melee chars always use a shield: true
     0 | D:1      | 0 ||| qw: God list: Okawaru
     0 | D:1      | 0 ||| qw: Allow faded altars: false
     0 | D:1      | 0 ||| qw: Do Orc after clearing Dungeon:15 true
     0 | D:1      | 0 ||| qw: Do second Lair branch before Depths: true
     0 | D:1      | 0 ||| qw: Lair rune preference: random
     0 | D:1      | 0 ||| qw: Goals: Normal
     0 | D:1      | 0 ||| PLANNING D:1-11
   354 | D:1      | Reached skill level 6 in Ranged Weapons
   354 | D:1      | Reached XP level 2. HP: 16/16 MP: 4/4
   775 | D:1      | 775 ||| UPGRADING to amulet of reflection.
   780 | D:1      | 780 ||| DROPPING +6 ring of intelligence.
   781 | D:1      | 781 ||| READING 2 scrolls labelled YSTAUS AWNYTWE.
   782 | D:1      | 782 ||| READING 2 scrolls labelled OLULUH OTUTAFIS.
   783 | D:1      | 783 ||| READING 3 scrolls labelled KOYTETW TUFRU.
   784 | D:1      | 784 ||| READING scroll labelled YLYHUU ZIL JORO.
   785 | D:1      | 785 ||| READING scroll labelled YDARPH ZESESK.
   786 | D:1      | 786 ||| DROPPING scroll of vulnerability.
   787 | D:1      | 787 ||| DROPPING scroll of butterflies.
   788 | D:1      | HP: 3/16 [poisoned by you (poison gas)]
   789 | D:1      | 789 ||| Stepping ~*~*~tactically~*~*~ (cloud).
   789 | D:1      | Succumbed to their own poison gas

Levels and vault maps discovered:
D:1:      wander_arrival_fairy_ring, layout_basic, minmay_quantized

Skill      XL: |  1 |
---------------+----+-----
Ranged Weapons | 6 |  6.4
Fighting       | |  1.5
Dodging        | |  2.4
Stealth        | |  1.2

Action                     || total
---------------------------++-------
   Fire: Shortbow          ||    55
    Use: Scroll            ||     5
 Armour: Leather armour    ||     3
  Dodge: Dodged            ||    12

Table legend:
 A = Non-vault XP
 B = Vault XP
 C = Vault XP percentage of total XP
 D = Non-vault monster count
 E = Vault monster count
 F = Vault count percentage of total count
                 A         B        C        D         E       F
            +---------+---------+-------+---------+---------+-------
      Total |      25 |       7 |  21.9 |      16 |       4 |  20.0
            +---------+---------+-------+---------+---------+-------
        D:1 |      25 |       7 |  21.9 |      16 |       4 |  20.0
            +---------+---------+-------+---------+---------+-------
